Map: Apothéose EC

Players

Kanoya

  • Race: Terran Terran
  • League: Platinum

RedBaron - Winner!

  • Race: Zerg Zerg
  • League: Platinum

VOD

Have the link to the VOD?

Description

Time

  • Played on: Aug. 2, 2016, 11:19 a.m.
  • Length: 6:03
Show
View Real Time Build Order
Export as new Build Order

Kanoya Terran 

Build Orders:  

Get SALT Encoding   

  12  0:02  SCV  
  13  0:14  SCV  
  13  0:19  Supply Depot  
  14  0:27  SCV  
  15  0:32  Refinery  
  15  0:40  SCV  
  16  0:46  Barracks  
  16  0:58  SCV  
  17  1:06  Supply Depot  
  17  1:12  SCV  
  18  1:30  SCV  
  19  1:33  Reaper  
  20  1:40  Barracks  
  20  1:47  Refinery  
  20  1:48  Barracks  
  20  1:56  Engineering Bay  
  20  2:02  SCV  
  21  2:21  Bunker  
  21  2:23  Reaper  
  21  2:29  Orbital Command  
  22  2:31  Reaper  
  23  2:56  Reaper  
  23  3:12  Factory  
  23  3:15  Reaper  
  23  3:16  Barracks Tech Lab  
  24  3:47  SCV  
  25  3:53  Factory  
  25  3:59  Starport, SCV  
  25  4:02  Supply Depot  
  26  4:11  Command Center  
  23  4:40  SCV  
  23  4:42  Factory Tech Lab  
  23  4:43  Starport Reactor  
  23  4:46  Barracks  
  23  4:49  Barracks Tech Lab  
  23  4:52  Marine  
  23  4:58  Marine  
  24  5:05  SCV  
  25  5:17  SCV  
  25  5:19  Siege Tank  
  29  5:23  Marine x3  
  29  5:28  SCV  
  33  5:37  Barracks Reactor  
  33  5:43  SCV  
  33  5:46  Engineering Bay  
Show
View Real Time Build Order
Export as new Build Order

RedBaron Zerg - Winner!

Build Orders: Hatch First 

Get SALT Encoding   

  12  0:01  Drone  
  13  0:15  Overlord  
  13  0:19  Drone  
  14  0:35  Drone x2  
  16  0:38  Drone  
  17  0:55  Hatchery  
  16  0:59  Drone  
  16  1:03  Drone  
  18  1:05  Extractor  
  17  1:11  Drone  
  18  1:23  Spawning Pool  
  18  1:25  Drone  
  18  1:36  Drone  
  19  1:42  Overlord  
  19  1:55  Drone  
  20  2:11  Queen  
  20  2:12  Queen  
  24  2:17  Zergling x4  
  26  2:25  Zergling x2  
  27  2:34  Zergling x2  
  27  2:35  Zergling x4  
  29  2:50  Queen  
  30  3:05  Baneling Nest  
  29  3:07  Drone x2  
  29  3:08  Evolution Chamber  
  29  3:10  Drone x2  
  32  3:31  Overlord x2  
  31  3:34  Zerg Melee Weapons Level 1  
  31  3:36  Zergling x6  
  33  3:49  Zergling x2  
  33  3:50  Zergling x10  
  38  4:06  Zergling x2, Spine Crawler  
  38  4:07  Zergling x2  
  38  4:08  Spine Crawler, Zergling x2  
  39  4:16  Zergling x4  
  39  4:17  Zergling x2  
  42  4:23  Metabolic Boost  
  39  4:52  Zergling x12  
  45  5:05  Drone x2  
  47  5:16  Baneling x14  
  47  5:26  Zergling x6  
Tags
 
Add a new tag
Caveats
  • Supply blocks, unpowered buildings, or Contaminate may cause inaccurate times.
  • Supply counts are checked every 10 seconds.